 Dungeon Crawl Stone Soup version 0.29-a0-1019-g84f7d21838 (webtiles) character file.

Game seed: 17612630319245850658

20 IdlyInterested the Twirler (level 2, 0/22 HPs)
             Began as a Demonspawn Gladiator on Aug 10, 2022.
             Slain by an endoplasm (2 damage)
             ... on level 2 of the Dungeon.
             The game lasted 00:02:20 (869 turns).

IdlyInterested the Twirler (Demonspawn Gladiator)    Turns: 869, Time: 00:02:20

Health: 0/22       AC:  9    Str: 14    XL:     2   Next: 58%
Magic:  2/2        EV:  6    Int:  9    God:
Gold:   49         SH:  0    Dex: 14    Spells: 1/1 levels left

rFire   . . .      SeeInvis .   a - +0 quarterstaff
rCold   . . .      Faith    .   (shield currently unavailable)
rNeg    . . .      Spirit   .   h - +0 chain mail
rPois   .          Reflect  .   c - +0 helmet
rElec   .          Harm     .   (no cloak)
rCorr   .          Rampage  .   (no gloves)
Will    .....                   (no boots)
Stlth   ..........              (no amulet)
HPRegen 0.07/turn               (no ring)
MPRegen 0.08/turn               (no ring)

@: no status effects
A: powered by death 1
a: no special abilities


You were on level 2 of the Dungeon.
You visited 1 branch of the dungeon, and saw 2 of its levels.

You collected 49 gold pieces.

Inventory:

Hand Weapons
 a - a +0 quarterstaff (weapon)
Missiles
 d - 2 throwing nets (quivered)
 e - a javelin
Armour
 b - a +0 leather armour
 c - a +0 helmet (worn)
 h - a +0 chain mail (worn)


   Skills:
 - Level 2.0 Fighting
 * Level 3.2 Staves
 - Level 2.0 Throwing
 - Level 2.6 Dodging
 * Level 1.1 Evocations


You had one spell level left.
You didn't know any spells.
Your spell library contained the following spells:

 Spells                   Type           Power      Damage    Failure   Level
 Dazzling Flash           Conj/Hex       0%         N/A       100%        3
 Agony                    Necr           0%         N/A       100%        5
 Silence                  Hex/Air        0%         N/A       100%        5


Dungeon Overview and Level Annotations

Branches:
Dungeon (2/15)

Altars:

Annotations:
D:2 Sigmund


Innate Abilities, Weirdness & Mutations

You regenerate a little health from kills.


Message History

The endoplasm hits you. The hobgoblin hits you.
Sigmund points at you and mumbles some strange words.
You are confused.
You're too confused to move!
The kobold hits you but does no damage.
The endoplasm hits you but does no damage. x2
The hobgoblin hits you but does no damage.
Sigmund casts a spell at you.
The puff of flame hits you but does no damage.
The kobold attacks as you move away! The kobold barely misses you.
The endoplasm attacks as you move away!
The endoplasm hits you but does no damage.
The endoplasm freezes you.
You are frozen.
Sigmund screams, "I am the angel of ZOT!!!"
Sigmund hits you but does no damage.
You hit the kobold.
The kobold is moderately wounded.
The kobold hits you but does no damage. The endoplasm freezes you.
You are frozen.
The endoplasm hits you but does no damage.
The hobgoblin hits you but does no damage.
The kobold barely misses you. Sigmund hits you but does no damage.
The endoplasm freezes you.
You are frozen.
* * * LOW HITPOINT WARNING * * *
The endoplasm freezes you.
You are frozen.
* * * LOW HITPOINT WARNING * * *
You feel better.
The hobgoblin hits you but does no damage.
The endoplasm freezes you.
You are frozen.
The endoplasm barely misses you.
The kobold hits you with a +0 short sword.
You barely miss Sigmund.
Sigmund is almost dead.
Sigmund hits you with a +0 scythe.
* * * LOW HITPOINT WARNING * * *
The kobold hits you but does no damage. The endoplasm hits you.
You die...

####.......#....#
#######......
..>.?..$...##[
##...........
#..........#
#..........#
..#####..........#
#).....gJ...<..^.#
##@KJ...†...#
#@J.......##
##B.......#
#..........#
#..........#
#..........#
#.....$....#
#.........


You could see Sigmund, 3 endoplasms, a giant cockroach, a hobgoblin and a
kobold.

Vanquished Creatures
  A dart slug (D:1)
  2 ball pythons
  3 bats
  3 goblins (D:1)
  A hobgoblin (D:1)
  A kobold (D:1)
  A quokka (D:1)
  2 frilled lizards (D:1)
  3 rats (D:1)
17 creatures vanquished.

Notes
Turn   | Place    | Note
-------+----------+-------------------------------------------
     0 | D:1      | IdlyInterested the Demonspawn Gladiator began the quest for
                  | the Orb.
     0 | D:1      | Reached XP level 1. HP: 16/16 MP: 1/1
   299 | D:1      | Reached skill level 3 in Staves
   344 | D:1      | Gained mutation: You regenerate a little health from kills.
                  | [demonic ancestry]
   344 | D:1      | Reached XP level 2. HP: 22/22 MP: 2/2
   591 | D:1      | Reached skill level 1 in Evocations
   793 | D:2      | Noticed Sigmund
   869 | D:2      | Slain by an endoplasm

Illustrated notes

Levels and vault maps discovered:
D:1:      dpeg_arrival_more_subterranean_lakeside_camping, layout_rooms
D:2:      layout_rooms, uniq_crazy_yiuf_cottage, uniq_sigmund, uniq_robin

Skill      XL: |  1  2 |
---------------+-------+-----
Throwing       | 2 |  2.0
Staves         | 3 |  3.2
Evocations     | 1 |  1.1
Fighting       | |  2.0
Dodging        | |  2.6

Action                   || total
-------------------------++-------
Melee: Quarterstaff      ||    55
Throw: Throwing net      ||     2
  Use: Scroll            ||     2
       Potion            ||     1
 Stab: Sleeping          ||     1
       Held in net/web   ||     2
Armor: Leather armour    ||    12
       Chain mail        ||    36
Dodge: Dodged            ||    40

Table legend: (Time is in decaauts)
 A = Elapsed time spent in this place.
 B = Non-inter-level travel time spent in this place.
 C = Inter-level travel time spent in this place.
 D = Time resting spent in this place.
 E = Time spent auto-exploring this place.
 F = Levels seen in this place.
 G = Mean time per level.
                   A        B        C        D        E       F      G
               +--------+--------+--------+--------+--------+-----+--------+
         Total |    877 |    772 |    105 |    155 |    430 |   2 |  438.5 |
       Dungeon |    877 |    772 |    105 |    155 |    430 |   2 |  438.5 |
               +--------+--------+--------+--------+--------+-----+--------+

Top non-repeatable levels by time:
     D:1: 847 daAuts
     D:2: 29 daAuts
